 Seeded DCSS version 0.29-a0-911-g88e6f02907 (webtiles) character file.

Game seed: 12646791263056600687 (custom seed)

59 purpskrrrp the Shield-Bearer (level 3, -9/36 HPs)
             Began as a Troll Fighter on July 25, 2022.
             Mangled by Sigmund
             ... wielding a +0 scythe
              (10 damage)
             ... on level 2 of the Dungeon.
             The game lasted 00:05:10 (1058 turns).

purpskrrrp the Shield-Bearer (Troll Fighter)        Turns: 1058, Time: 00:05:10

Health: -9/36      AC:  4    Str: 26    XL:     3   Next: 78%
Magic:  2/2        EV:  7    Int:  4    God:
Gold:   132        SH: 11    Dex:  9    Spells: 2/2 levels left

rFire   . . .      SeeInvis .   e - +2 dagger (venom)
rCold   . . .      Faith    .   g - +0 tower shield
rNeg    . . .      Spirit   .   b - +0 robe
rPois   .          Reflect  .   (helmet restricted)
rElec   .          Harm     .   (no cloak)
rCorr   .          Rampage  .   (gloves unavailable)
Will    .....                   (boots unavailable)
Stlth   +.........              (no amulet)
HPRegen 0.92/turn               (no ring)
MPRegen 0.08/turn               (no ring)

@: mighty
A: large, unfitting armour, claws 3, regeneration 1, shaggy fur 1, tough skin 1
a: no special abilities


You were on level 2 of the Dungeon.
You visited 1 branch of the dungeon, and saw 2 of its levels.

You collected 201 gold pieces.
You spent 69 gold pieces at shops.

Inventory:

Hand Weapons
 a - a +0 long sword
 e - a +2 dagger of venom (weapon)
Armour
 b - a +0 robe (worn)
 c - a +0 kite shield
 g - a +0 tower shield (worn)
Jewellery
 l - a ring of ice
Scrolls
 f - a scroll of enchant weapon {unknown}
 j - 3 scrolls of identify
 k - 5 scrolls of teleportation {unknown}
Potions
 h - a potion of heal wounds {unknown}
 i - a potion of cancellation {unknown}
 m - 2 potions of curing {unknown}


   Skills:
 + Level 2.7 Fighting
 + Level 0.6(1.5) Short Blades
 + Level 2.1(2.2) Long Blades
 + Level 2.7 Dodging
 + Level 0.1 Stealth
 + Level 3.1 Shields


You had 2 spell levels left.
You didn't know any spells.
Your spell library was empty.

Dungeon Overview and Level Annotations

Branches:
Dungeon (2/15)

Altars:

Shops:
D:1 [   D:2 ?

Annotations:
D:2 Sigmund


Innate Abilities, Weirdness & Mutations

You are too large for most types of armour.
You have claws for hands.
Your natural rate of healing is unusually fast.
You are covered in fur. (AC +1)
You have tough skin. (AC +1)


Message History

Sigmund the Dreaded comes into view.
He is wielding a +0 scythe.
Found an iridescent trident.
Sigmund shouts!
Sigmund drinks a potion.
Sigmund seems to speed up.
Okay, then.
Okay, then.
You feel very mighty all of a sudden.
An orc comes into view. It is wielding a +0 short sword.
The orc shouts!
You hear a bark!
Sigmund mumbles some strange words.
Sigmund flickers and vanishes!
Deactivating autopickup; reactivate with Ctrl-A.
Something hits you!
You hear some strange, mumbled words.
A magic dart appears from out of thin air!
The magic dart hits you.
You hit something. You block something's attack.
You barely miss something. Something hits you.
You miss something. Something hits you but does no damage.
The orc hits you but does no damage. Something hits you but does no damage.
Something hits you!
You hit the orc but do no damage.
The orc is poisoned.
Something hits you but does no damage. The orc hits you with a +0 short sword.
You puncture the orc!
You kill the orc!
Something hits you but does no damage.
You hear some strange, mumbled words.
A puff of flame appears from out of thin air!
The puff of flame hits you!
* * * LOW HITPOINT WARNING * * *
Things that are here:
a +0 short sword; a +0 chain mail; an orc corpse You barely miss something.
Something completely misses you. Something hits you but does no damage.
You closely miss something. Something hits you.
* * * LOW HITPOINT WARNING * * *
You puncture something! Something hits you.
* * * LOW HITPOINT WARNING * * *
Something hits you!
You die...

#.#.##.####.)#########
#.#...÷...............
#......###############
#.#...................
....................>##
...#.#.#######.........
##.#[#.#######.#####.##
. #...........# #....
###@####.#### #..##
.......{# #.## #..#
######..# #..# #..#
#..####''#### #..#
#..#≈≈≈..≈≈≈# #..#
...#≈.....§≈###..#
#.)#§.≈..§.≈#...<##
#..#≈......§#...#..
#≈......≈#####.#


There were no monsters in sight!

Vanquished Creatures
  2 adders (D:2)
  A dart slug (D:1)
  An orc (D:2)
  4 ball pythons
  4 endoplasms
  3 giant cockroaches (D:1)
  A goblin (D:2)
  2 hobgoblins (D:1)
  2 jackals (D:2)
  A quokka (D:1)
  2 bats
  2 frilled lizards (D:1)
  6 kobolds
  5 rats (D:1)
36 creatures vanquished.

Notes
Turn   | Place    | Note
-------+----------+-------------------------------------------
     0 | D:1      | purpskrrrp the Troll Fighter began the quest for the Orb.
     0 | D:1      | Reached XP level 1. HP: 22/22 MP: 0/0
    81 | D:1      | Reached XP level 2. HP: 28/29 MP: 1/1
   225 | D:1      | Reached skill level 3 in Shields
   249 | D:1      | Found Wuakifad's Armour Shop.
   254 | D:1      | Bought a +0 tower shield for 45 gold pieces
   438 | D:1      | Reached XP level 3. HP: 36/36 MP: 2/2
   913 | D:2      | Found Mosowk's Magic Scroll Emporium.
   932 | D:2      | Bought a scroll of identify for 24 gold pieces
  1043 | D:2      | Noticed Sigmund
  1057 | D:2      | HP: 1/36 [something (6)]
  1058 | D:2      | Mangled by Sigmund

Illustrated notes

Levels and vault maps discovered:
D:1:      doesnt_arrival_eight_statues, layout_loops_ring, serial_shops, shop
D:2:      layout_basic, serial_shops, shop_coins, kennysheep_generic_room_5,
          uniq_sigmund

Skill      XL: |  1  2  3 |
---------------+----------+-----
Shields        | 3 |  3.1
Long Blades    | 2 |  2.1
Fighting       | |  2.7
Short Blades   | |  0.6
Dodging        | |  2.7
Stealth        | |  0.1

Action                   || total
-------------------------++-------
Melee: Long sword        ||    42
       Dagger            ||    75
  Use: Potion            ||     1
 Stab: Distracted        ||     1
Armor: Robe              ||    46
Dodge: Dodged            ||    33
Block: Kite shield       ||    26
       Tower shield      ||    38

Table legend: (Time is in decaauts)
 A = Elapsed time spent in this place.
 B = Non-inter-level travel time spent in this place.
 C = Inter-level travel time spent in this place.
 D = Time resting spent in this place.
 E = Time spent auto-exploring this place.
 F = Levels seen in this place.
 G = Mean time per level.
                   A        B        C        D        E       F      G
               +--------+--------+--------+--------+--------+-----+--------+
         Total |   1092 |   1054 |     38 |      0 |    730 |   2 |  546.0 |
       Dungeon |   1092 |   1054 |     38 |      0 |    730 |   2 |  546.0 |
               +--------+--------+--------+--------+--------+-----+--------+

Top non-repeatable levels by time:
     D:1: 719 daAuts
     D:2: 373 daAuts
